 Dungeon Crawl Stone Soup version 0.29-a0-266-gf56f883ddd (webtiles) character file.

Game seed: 11127379534863969579

103 Crownlay the Ducker (level 4, -1/38 HPs)
             Began as a Gnoll Gladiator on Mar 6, 2022.
             Slain by a goblin
             ... wielding a +0 dagger
             ... led by Robin
              (3 damage)
             ... on level 2 of the Dungeon.
             The game lasted 00:02:18 (1671 turns).

Crownlay the Ducker (Gnoll Gladiator)               Turns: 1671, Time: 00:02:18

Health: -1/38      AC:  4    Str: 16    XL:     4   Next: 79%
Magic:  5/5        EV: 14    Int:  7    God:
Gold:   48         SH:  0    Dex: 13    Spells: 5/5 levels left

rFire   . . .      SeeInvis .   a - +0 long sword
rCold   . . .      Faith    .   (no shield)
rNeg    . . .      Spirit   .   b - +0 leather armour
rPois   +          Reflect  .   c - +0 helmet
rElec   .          Harm     .   (no cloak)
rCorr   .          Rampage  .   (no gloves)
Will    .....                   (no boots)
Stlth   +.........              (no amulet)
HPRegen 0.12/turn               f - ring of poison resistance
MPRegen 0.09/turn               (no ring)

@: no status effects
A: fangs 1, strong nose, distributed training
a: no special abilities


You were on level 2 of the Dungeon.
You visited 1 branch of the dungeon, and saw 2 of its levels.

You collected 180 gold pieces.
You spent 132 gold pieces at shops.

Inventory:

Hand Weapons
 a - a +0 long sword (weapon)
Missiles
 d - 3 throwing nets (quivered)
 e - a javelin
Armour
 b - a +0 leather armour (worn)
 c - a +0 helmet (worn)
Jewellery
 f - a ring of poison resistance (left hand)
Wands
 j - a wand of charming (8)
Scrolls
 g - a scroll of amnesia
 h - a scroll of immolation
 i - 2 scrolls of identify
 k - a scroll of teleportation {unknown}
 l - a scroll of blinking {unknown}


   Skills:
 + Level 4.7 Fighting
 + Level 1.2 Short Blades
 + Level 6.6 Long Blades
 + Level 1.2 Axes
 + Level 1.2 Maces & Flails
 + Level 1.2 Polearms
 + Level 1.2 Staves
 + Level 1.2 Slings
 + Level 1.2 Bows
 + Level 1.2 Crossbows
 + Level 4.7 Throwing
 + Level 1.2 Armour
 + Level 6.6 Dodging
 + Level 1.2 Stealth
 + Level 1.2 Shields
 + Level 1.2 Unarmed Combat
 + Level 1.2 Spellcasting
 + Level 1.0 Conjurations
 + Level 1.0 Hexes
 + Level 1.0 Summonings
 + Level 1.0 Necromancy
 + Level 1.0 Translocations
 + Level 1.0 Transmutations
 + Level 1.0 Fire Magic
 + Level 1.0 Ice Magic
 + Level 1.0 Air Magic
 + Level 1.0 Earth Magic
 + Level 1.0 Poison Magic
 + Level 1.3 Invocations
 + Level 1.2 Evocations


You had 5 spell levels left.
You didn't know any spells.
Your spell library contained the following spells:

 Spells                   Type           Power      Damage    Failure   Level
 Shock                    Conj/Air       4%         1d3       32%         1
 Swiftness                Air            1%         N/A       69%         3
 Airstrike                Air            0%         N/A       97%         4


Dungeon Overview and Level Annotations

Branches:
Dungeon (2/15)

Altars:

Shops:
D:1 *


Innate Abilities, Weirdness & Mutations

You have very sharp teeth.
Your uncanny sense of smell can sniff out nearby items.
Your experience applies equally to all skills.


Message History

The hobgoblin hits you.
You completely miss the hobgoblin.
The hobgoblin is severely wounded.
The hobgoblin hits you.
* * * LOW HITPOINT WARNING * * *
The goblin completely misses you.
You barely miss the hobgoblin.
The hobgoblin is severely wounded.
The goblin barely misses you.
The hobgoblin hits you but does no damage.
You hit the hobgoblin.
You kill the hobgoblin!
The goblin hits you with a +0 club.
* * * LOW HITPOINT WARNING * * *
You closely miss the goblin. The goblin closely misses you.
The goblin hits you but does no damage.
You hit the goblin.
The goblin is severely wounded.
The goblin hits you but does no damage. The goblin closely misses you.
The goblin barely misses you. The goblin closely misses you.
You barely miss the goblin. The goblin hits you with a +0 club.
* * * LOW HITPOINT WARNING * * *
The goblin closely misses you.
You hit the goblin.
You kill the goblin!
The goblin barely misses you. The goblin attacks as you move away!
The goblin completely misses you.
Items here: ))) ††.
You closely miss the goblin.
The goblin is severely wounded.
The goblin hits you with a +0 club.
* * * LOW HITPOINT WARNING * * *
You slash the goblin!
You kill the goblin!
You slash the goblin!
You kill the goblin!
You hit the goblin. Your bite misses the goblin.
The goblin is heavily wounded.
The goblin hits you with a +0 dagger.
You die...

...... ...###
###... #...
#... #### ####
...# #
...######.##.#
......)g@....#
...######.####
#.# #.# #.#
#)# #.# #.#
#.#


You could see a goblin.

Vanquished Creatures
  Robin (D:2)
  4 gnolls (D:2)
  A worm (D:2)
  A dart slug (D:1)
  5 ball pythons
  2 bats (D:1)
  2 endoplasms
  2 giant cockroaches
  11 goblins
  8 hobgoblins
  2 jackals (D:1)
  2 frilled lizards (D:2)
  2 kobolds
  4 rats
47 creatures vanquished.

Notes
Turn   | Place    | Note
-------+----------+-------------------------------------------
     0 | D:1      | Crownlay the Gnoll Gladiator began the quest for the Orb.
     0 | D:1      | Reached XP level 1. HP: 20/20 MP: 1/1
    87 | D:1      | Found a faded altar of an unknown god.
   182 | D:1      | Reached XP level 2. HP: 25/26 MP: 2/2
   525 | D:1      | Reached XP level 3. HP: 24/31 MP: 3/3
   699 | D:1      | Found Kunakuc's Assorted Antiques.
   722 | D:1      | Bought a scroll labelled OGUIXZIKKA for 22 gold pieces
   722 | D:1      | Bought a scroll labelled UBEAXE ROJOCOG for 22 gold pieces
   722 | D:1      | Bought 3 scrolls labelled PELEG ATUCAURPHOE for 66 gold
                  | pieces
   722 | D:1      | Bought a scroll labelled PELEG ATUCAURPHOE for 22 gold
                  | pieces
  1198 | D:2      | Reached skill level 1 in Invocations
  1204 | D:2      | Reached skill level 1 in Short Blades
  1204 | D:2      | Reached skill level 1 in Axes
  1204 | D:2      | Reached skill level 1 in Maces & Flails
  1204 | D:2      | Reached skill level 1 in Polearms
  1204 | D:2      | Reached skill level 1 in Staves
  1204 | D:2      | Reached skill level 1 in Slings
  1204 | D:2      | Reached skill level 1 in Bows
  1204 | D:2      | Reached skill level 1 in Crossbows
  1204 | D:2      | Reached skill level 1 in Armour
  1204 | D:2      | Reached skill level 1 in Stealth
  1204 | D:2      | Reached skill level 1 in Shields
  1204 | D:2      | Reached skill level 1 in Unarmed Combat
  1204 | D:2      | Reached skill level 1 in Spellcasting
  1204 | D:2      | Reached skill level 1 in Evocations
  1207 | D:2      | Reached XP level 4. HP: 7/38 MP: 5/5
  1220 | D:2      | HP: 1/38 [gnoll/+0 club (2)]
  1625 | D:2      | Noticed Robin
  1647 | D:2      | Killed Robin
  1648 | D:2      | Reached skill level 1 in Conjurations
  1648 | D:2      | Reached skill level 1 in Hexes
  1648 | D:2      | Reached skill level 1 in Summonings
  1648 | D:2      | Reached skill level 1 in Necromancy
  1648 | D:2      | Reached skill level 1 in Translocations
  1648 | D:2      | Reached skill level 1 in Transmutations
  1648 | D:2      | Reached skill level 1 in Fire Magic
  1648 | D:2      | Reached skill level 1 in Ice Magic
  1648 | D:2      | Reached skill level 1 in Air Magic
  1648 | D:2      | Reached skill level 1 in Earth Magic
  1648 | D:2      | Reached skill level 1 in Poison Magic
  1671 | D:2      | Slain by a goblin

Illustrated notes

Levels and vault maps discovered:
D:1:      dpeg_arrival_simpleton_a, layout_basic,
          hellmonk_ecumenical_altar_heavens_door, serial_shops, shop_coins
D:2:      layout_basic, serial_shops, shop_coins, basic_altar, uniq_jessica,
          uniq_robin, uniq_natasha

Skill      XL: |  1  2  3  4 |
---------------+-------------+-----
Invocations    | 1 |  1.3
Short Blades   | 1 |  1.2
Axes           | 1 |  1.2
Maces & Flails | 1 |  1.2
Polearms       | 1 |  1.2
Staves         | 1 |  1.2
Slings         | 1 |  1.2
Bows           | 1 |  1.2
Crossbows      | 1 |  1.2
Armour         | 1 |  1.2
Stealth        | 1 |  1.2
Shields        | 1 |  1.2
Unarmed Combat | 1 |  1.2
Spellcasting   | 1 |  1.2
Evocations     | 1 |  1.2
Conjurations   | 1 |  1.0
Hexes          | 1 |  1.0
Summonings     | 1 |  1.0
Necromancy     | 1 |  1.0
Translocations | 1 |  1.0
Transmutations | 1 |  1.0
Fire Magic     | 1 |  1.0
Ice Magic      | 1 |  1.0
Air Magic      | 1 |  1.0
Earth Magic    | 1 |  1.0
Poison Magic   | 1 |  1.0
Fighting       | |  4.7
Long Blades    | |  6.6
Throwing       | |  4.7
Dodging        | |  6.6

Action                   |  1- 3 |  4- 6 || total
-------------------------+-------+-------++-------
Melee: Long sword        |   115 |    49 ||   164
       Bite              |     9 |     4 ||    13
       Punch             |     1 |       ||     1
Throw: Throwing net      |       |     2 ||     2
  Use: Scroll            |     2 |       ||     2
 Stab: Sleeping          |     1 |       ||     1
Armor: Leather armour    |    28 |    11 ||    39
Dodge: Dodged            |   104 |    35 ||   139

Table legend: (Time is in decaauts)
 A = Elapsed time spent in this place.
 B = Non-inter-level travel time spent in this place.
 C = Inter-level travel time spent in this place.
 D = Time resting spent in this place.
 E = Time spent auto-exploring this place.
 F = Levels seen in this place.
 G = Mean time per level.
                   A        B        C        D        E       F      G
               +--------+--------+--------+--------+--------+-----+--------+
         Total |   1682 |   1636 |     46 |      0 |   1301 |   2 |  841.0 |
       Dungeon |   1682 |   1636 |     46 |      0 |   1301 |   2 |  841.0 |
               +--------+--------+--------+--------+--------+-----+--------+

Top non-repeatable levels by time:
     D:1: 933 daAuts
     D:2: 749 daAuts
